 Dungeon Crawl Stone Soup version 0.30-b1-2-g02819fbbbe (webtiles) character file.

Game seed: 4768489144342831432

35 LLlMATKO the Trooper (level 3, 0/33 HPs)
             Began as a Minotaur Berserker on Sept 2, 2023.
             Was a Follower of Trog.
             Slain by Sigmund
             ... wielding a +0 scythe
              (2 damage)
             ... on level 2 of the Dungeon.
             The game lasted 00:00:51 (811 turns).

LLlMATKO the Trooper (Minotaur Berserker)            Turns: 811, Time: 00:00:52

Health: 0/33       AC:  5    Str: 23    XL:     3   Next: 17%
Magic:  2/2        EV: 11    Int:  4    God:    Trog [*.....]
Gold:   24         SH:  0    Dex:  9    Spells: 2/2 levels left

rFire   . . .        a - +0 hand axe
rCold   . . .        (no shield)
rNeg    . . .        k - +0 ring mail
rPois   .            (helmet restricted)
rElec   .            (no cloak)
rCorr   .            (no gloves)
SInv    .            (no boots)
Will    .....        (no amulet) Stlth
                     (no ring)
HPRegen 0.25/turn    (no ring)
MPRegen 0.08/turn

%: no passive effects
@: on berserk cooldown, slowed, very slow
A: horns 2, retaliatory headbutt
a: Renounce Religion, Berserk


You were on level 2 of the Dungeon.
You worshipped Trog.
Trog was aware of your devotion.
You visited 1 branch of the dungeon, and saw 2 of its levels.

You collected 24 gold pieces.

Inventory:

Hand Weapons
 a - a +0 hand axe (weapon)
Armour
 k - a +0 ring mail (worn)
Jewellery
 i - a ring of see invisible
Scrolls
 c - a scroll of butterflies {unknown}
 d - a scroll of teleportation {unknown}
 e - a scroll of identify {unknown}
 h - a scroll of immolation {unknown}
 j - a scroll of vulnerability {unknown}
Potions
 f - a potion of curing {unknown}
 g - a potion of brilliance {unknown}


   Skills:
 + Level 4.1 Fighting
 + Level 4.1 Axes
 + Level 3.0 Armour
 + Level 2.7 Dodging


You had 2 spell levels left.
You didn't know any spells.
Your spell library was empty.

Dungeon Overview and Level Annotations

Branches:
Dungeon (2/15)

Altars:

Annotations:
D:2 Sigmund


Innate Abilities, Weirdness & Mutations

You have a pair of horns on your head.
You reflexively headbutt those who attack you in melee.


Message History

You hit the bat.
You kill the bat!
Trog accepts your kill.
Sigmund gestures wildly while chanting.
Sigmund flickers and vanishes!
Deactivating autopickup; reactivate with Ctrl-A.
No target in view!
No target in view!
No target in view!
Unknown command.
Found Ozocubu's Autobiography and a ring mail.
A rat comes into view.
Something hits you but does no damage.
A red film seems to cover your vision as you go berserk!
You feel yourself moving faster!
You feel mighty!
You miss something.
You hear some strange, mumbled words.
You are confused.
Something hits you!
You feel a strong urge to attack something.
You miss the rat. You barely miss something. You slash the rat!
You kill the rat!
Trog accepts your kill.
You completely miss something. Something hits you.
Found a glowing onyx ring.
You feel a strong urge to attack something.
Something hits you but does no damage.
You are no longer berserk.
You are exhausted.
You feel yourself slow down.
You feel less confused. Something hits you. Something hits you!
You hit something. Your headbutt misses something. Something hits you!
* * * LOW HITPOINT WARNING * * *
You hit something. Your headbutt misses something. Something hits you.
* * * LOW HITPOINT WARNING * * *
You hit something. Something hits you.
You die...

......~~...~..~~...##
.......~..♣.~.......#
....................#
.......###.........#
#.#####....# #.........#
#.:.......†###.........#
..######......†..........+
#.......{...#...........#
#.......@...............#
...........#.............#
...........###...........#
...........+.............#
...........####....#......
=..........# #..........
.........[.# ###......>.
............ ............


There were no monsters in sight!

Vanquished Creatures
  4 endoplasms (D:1)
  A giant cockroach (D:1)
  6 goblins (D:1)
  4 hobgoblins (D:1)
  A quokka (D:1)
  2 ball pythons
  4 bats
  2 frilled lizards (D:1)
  4 kobolds (D:1)
  3 rats
31 creatures vanquished.

Notes
Turn   | Place    | Note
-------+----------+-------------------------------------------
     0 | D:1      | LLlMATKO the Minotaur Berserker began the quest for the
                  | Orb.
     0 | D:1      | Reached XP level 1. HP: 19/19 MP: 0/0
   108 | D:1      | Reached XP level 2. HP: 27/27 MP: 1/1
   490 | D:1      | Reached XP level 3. HP: 32/33 MP: 2/2
   793 | D:2      | Noticed Sigmund
   811 | D:2      | Slain by Sigmund

Illustrated notes

Levels and vault maps discovered:
D:1:      amcnicky_arrival_feature_with_door, layout_basic
D:2:      layout_basic, serial_shops, nicolae_shop_stone, serial_rivers,
          chequers_serial_rivers_micro_d, chequers_serial_rivers_micro_a,
          chequers_serial_rivers_marsh, chequers_serial_rivers_micro_a,
          chequers_serial_rivers_room_a, minmay_cut_off, uniq_sigmund,
          uniq_crazy_yiuf_cottage, uniq_terence

Skill      XL: |  1  2 |
---------------+-------+-----
Axes           | 4 |  4.1
Fighting       | 4 |  4.1
Armour         | 3 |  3.0
Dodging        | |  2.7

Action                     || total
---------------------------++-------
  Melee: Hand axe          ||    59
         Headbutt          ||     8
         Punch             ||     1
 Invoke: Berserk           ||     1
 Armour: Animal skin       ||    11
         Ring mail         ||     3
  Dodge: Dodged            ||    29
